AoeStats
← mathiusw.mane

Arena

507639280Analyzed
4v4 RM · 14d ago on Sep 19, 2026· 46m 14s· 8 players
Game mode
Random Map
Map size
Large (8 player)
Population
200
Speed
Normal
Resources
Standard
Victory
Conquest
Starting age
Dark Age
Ending age
Imperial Age
RankedLock teamsTeams togetherTeam positionsShared explorationLock speedFull tech treeHidden civsTurbo modeCheats
Victory
Defeat
🇺🇸 Turks · United States
1051
+14
🇮🇳 Teutons · India
1046
+14
🇨🇳 Mapuche · China
967
+17
🇨🇳 Lithuanians · China
955
+18
🇬🇧 Japanese · United Kingdom
1027
-17
🇨🇱 Chinese · Chile
1002
-16
🇦🇷 Burgundians · Argentina
995
-16
🇨🇦 Khmer · Canada
952
-14
JTF2Deathadder
10:43 Feudal Age
8:59 Loom
15:51 Castle Age
14:01 Horse Collar
17:57 Gold Mining
20:05 Gold Shaft Mining
23:24 Imperial Age
22:05 Loom
22:56 Wheelbarrow
23:43 Double-Bit Axe
24:16 Capped Ram
26:11 Bow Saw
27:56 Siege Ram
32:44 Hand Cart
36:23 Town Watch
37:32 Stone Mining
37:09 Heavy Scorpion
44:41 Heated Shot
45:11 Ballistics
45:52 Chemistry
44:58 Siege Engineers
WarW◯lf 103 {WYR}
10:48 Feudal Age
11:29 Horse Collar
11:37 Double-Bit Axe
18:20 Castle Age
18:02 Forging
17:52 Scale Mail Armor
17:47 Gold Mining
19:12 Heavy Plow
19:36 Bow Saw
20:04 Squires
21:43 Gambesons
22:09 Arson
27:41 Chain Mail Armor
28:26 Iron Casting
29:32 Wheelbarrow
28:43 Loom
28:44 Town Watch
38:41 Imperial Age
38:20 Pikeman
39:03 Elite Samurai
39:47 Yasama
41:07 Hand Cart
44:34 Halberdier
mathiusw.mane
0:36 Loom
11:06 Feudal Age
12:43 Horse Collar
12:48 Double-Bit Axe
16:53 Wheelbarrow
18:23 Castle Age
21:03 Bow Saw
21:24 Caravan
23:46 Heavy Plow
26:52 Fletching
27:02 Padded Archer Armor
28:01 Wheelbarrow
27:12 Town Watch
31:20 Imperial Age
30:17 Bodkin Arrow
31:07 Hand Cart
32:45 Crossbowman
35:23 Pikeman
35:31 Arbalester
36:17 Thumb Ring
36:43 Thumb Ring
42:23 Leather Archer Armor
Tormund
4:48 Loom
8:51 Double-Bit Axe
11:52 Feudal Age
11:07 Horse Collar
12:50 Heavy Plow
14:58 Bow Saw
18:09 Castle Age
18:38 Cavalier
20:36 Husbandry
22:03 Crop Rotation
22:50 Town Watch
28:40 Imperial Age
27:08 Scale Barding Armor
28:50 Paladin
30:15 Forging
35:35 Iron Casting
41:47 Chain Barding Armor
42:08 Fletching
SRBinBlue
9:57 Feudal Age
10:32 Double-Bit Axe
10:28 Horse Collar
17:17 Castle Age
17:26 Loom
23:31 Imperial Age
22:51 Gold Mining
26:58 Conscription
30:02 Wheelbarrow
29:12 Town Watch
413401132
9:45 Feudal Age
10:17 Double-Bit Axe
10:14 Horse Collar
14:06 Gold Mining
18:47 Castle Age
16:52 Stone Mining
19:53 Bow Saw
20:22 Stone Shaft Mining
21:07 Heavy Plow
27:12 Husbandry
28:05 Bloodlines
29:09 Wheelbarrow
28:20 Loom
28:10 Light Cavalry
29:43 Forging
29:39 Scale Barding Armor
29:46 Forging
33:47 Imperial Age
31:42 Hand Cart
32:27 Chain Barding Armor
32:42 Iron Casting
32:42 Caravan
35:14 Conscription
34:58 Murder Holes
35:14 Fortified Wall
35:13 Elite Leitis
36:22 Treadmill Crane
36:52 Masonry
38:02 Plate Barding Armor
42:52 Winged Hussar
Solace.
10:54 Feudal Age
12:36 Horse Collar
12:45 Double-Bit Axe
13:59 Loom
17:19 Castle Age
18:53 Bow Saw
26:11 Imperial Age
27:17 Caravan
30:54 Wheelbarrow
31:06 Wheelbarrow
30:08 Elite Bolas Rider
32:07 Ballistics
32:49 Chemistry
32:09 Fletching
32:23 Padded Archer Armor
33:39 Hand Cart
35:03 Conscription
35:54 Butalmapu
36:00 Malon
37:23 Heavy Plow
38:46 Gold Mining
39:28 Crop Rotation
39:39 Bodkin Arrow
39:59 Leather Archer Armor
46:57 Ring Archer Armor
MOJO JOJO
11:54 Feudal Age
10:15 Loom
19:58 Castle Age
19:34 Fletching
22:24 Double-Bit Axe
22:23 Horse Collar
23:01 Bloodlines
33:31 Imperial Age
31:10 Gold Mining
32:33 Scale Barding Armor
33:20 Pikeman
34:01 Squires
34:04 Scale Mail Armor
33:42 Cavalier
34:53 Bodkin Arrow
36:10 Chain Barding Armor
36:48 Halberdier
38:57 Ballistics
38:55 Forging
40:12 Fortified Wall
41:03 Chemistry
41:07 Chain Mail Armor
41:29 Iron Casting
42:05 Bow Saw
44:07 Conscription
44:54 Blast Furnace
Connection lost

Rejoining the realm…

Still unreachable

The connection could not be restored.

Session expired

The server has moved on; the page needs a fresh start.